Cogmind - Beta 13 --- EXPLORER MODE // 2024.03.12 @ 11:50:37 Player: Puck Result: Self-destructed Performance ------------- Evolutions (0) 0 Regions Visited (3) 600 Robots Destroyed (37) 185 Value Destroyed (1219) 1219 Prototype IDs (1) 20 Alien Tech Used (0) 0 Bonus (-25) -25 TOTAL SCORE: 1999 Bonus ------- Friendly Fire -25 Cogmind --------- Core Integrity 156/250 Matter 290/300 Energy 160/160 System Corruption 0% Temperature Cool (0) Movement Walking (190) Ox1 Location -8/Recycling Parts ------- > --- POWER (1) -------- Light Nuclear Core > --- PROPULSION (2) --- Spiked Treads Myomer Leg > --- UTILITY (3) ------ Armored Scrap Engine Large Storage Unit > --- WEAPON (2) ------- Battle Rifle Makeshift Sword > --- INVENTORY (15) --- Neutrino Core Improved Heat Sink Disposable Heat Sink Disposable Heat Sink Medium Storage Unit Subdweller Optics Terrain Scanner Light Armor Plating Beamcaster Subdweller Shrapnel Launcher Peak State ------------ > --- POWER ------------ Light Nuclear Core > --- PROPULSION ------- Spiked Treads Myomer Leg > --- UTILITY ---------- Armored Scrap Engine Large Storage Unit > --- WEAPON ----------- Battle Rifle Makeshift Sword > --- INVENTORY -------- Neutrino Core Improved Heat Sink Disposable Heat Sink Disposable Heat Sink Medium Storage Unit Subdweller Optics Terrain Scanner Light Armor Plating Beamcaster Subdweller Shrapnel Launcher Scrap Shield Fragment [Rating: 39] Favorites ----------- Power Light Ion Engine Engine Light Ion Engine Power Core Light Nuclear Core Propulsion Light Treads Treads Light Treads Leg Myomer Leg Wheel Subdweller Monowheel Utility Large Storage Unit Device Armored Scrap Engine Storage Large Storage Unit Processor Targeting Computer Protection Scrap Shield Weapon Battle Rifle Energy Gun Beamcaster Energy Cannon Subdweller Beam Cannon Ballistic Gun Battle Rifle Slashing Weapon Makeshift Sword Build | -11 -10 -10 -8 ------- Run | Yrd Mat Sub Rec Slots Evolved 1 | . 1 . . Power . | . . . . Propulsion . | . . . . Utility 1 | . 1 . . Weapon . | . . . . Parts Attached 23 | . 5 17 1 Power 3 | . . 3 . Engine 2 | . . 2 . Core 1 | . . 1 . Reactor . | . . . . Propulsion 5 | . 2 3 . Treads 3 | . 2 1 . Leg 1 | . . 1 . Wheel 1 | . . 1 . Hover . | . . . . Flight . | . . . . Utility 6 | . 2 3 1 Device 2 | . . 1 1 Storage 1 | . 1 . . Processor 1 | . 1 . . Hackware . | . . . . Protection 2 | . . 2 . Artifact . | . . . . Weapon 9 | . 1 8 . Energy Gun 1 | . . 1 . Energy Cannon 2 | . . 2 . Ballistic Gun 5 | . 1 4 . Ballistic Cannon . | . . . . Launcher . | . . . . Special Weapon . | . . . . Impact Weapon . | . . . . Slashing Weapon 1 | . . 1 . Piercing Weapon . | . . . . Special Melee Weapon . | . . . . Unidentified Prototypes 1 | . . 1 . Parts Lost 1 | . . 1 . Power . | . . . . Propulsion 1 | . . 1 . Utility . | . . . . Weapon . | . . . . Highest Loss Streak 1 | . . 1 . To Critical Strikes . | . . . . Average Slot Usage (%) 88 | . 100 86 87 Engine 7 | . 12 6 . Core 4 | . . 5 12 Treads 19 | . 19 20 12 Leg 3 | . 5 2 12 Wheel 1 | . . 1 . Storage 12 | . 12 12 12 Processor 1 | . 12 . . Protection 11 | . 12 11 . Energy Gun 5 | . . 6 . Energy Cannon 1 | . . 1 . Ballistic Gun 16 | . 25 14 12 Slashing Weapon 1 | . . 1 12 Naked Turns . | . . . . Heaviest Build 51 | 19 30 51 30 Greatest Support 40 | 20 40 40 25 Greatest Overweight (x) 2 | . . 2 1 Average Overweight (x) 1 | . . 1 1 Largest Inventory Capacity 15 | . 15 15 15 Average Capacity 14 | . 13 15 15 Most Carried 15 | . 7 15 15 Average Carried 13 | . 5 14 10 Final Capacity 15 | 10 15 15 15 Final Carried 15 | 7 7 15 10 Scrap Engine Consumption 5 | . . . 5 Class Distribution -------------------- 100% | Hacker-Mutant Dominant Class ---------------- Hacker-Mutant | -10/Materials Hacker-Mutant | -10/Subcaves Hacker-Mutant | -8/Recycling Resources | -11 -10 -10 -8 ----------- Run | Yrd Mat Sub Rec Matter Collected 910 | 187 231 492 . Remotely . | . . . . Salvage Created 1458 | . 536 922 . Parts 73 | . 34 39 . Haulers Intercepted 1 | . 1 . . Recyclers Shooed 1 | . 1 . . Parts Field Recycled . | . . . . Retrieved Matter . | . . . . Parts Self-Destructed . | . . . . Prevented . | . . . . Kills | -11 -10 -10 -8 ------- Run | Yrd Mat Sub Rec Combat Hostiles Destroyed 32 | . 10 22 . Melee 1 | . . 1 . Guns 29 | . 10 19 . Cannons 2 | . . 2 . Classes Destroyed 8 | . 5 3 . Hauler 1 | . 1 . . Recycler 1 | . 1 . . Turret 1 | . . 1 . Watcher 2 | . 2 . . Swarmer 4 | . 2 2 . Grunt 10 | . 8 2 . Sentry 2 | . . 2 . Subdweller 16 | . . 16 . Best Kill Streak 6 | . 6 3 . Combat Bots Only 5 | . 5 3 . Max Kills in Single Turn 1 | . 1 1 . Gunslinging . | . . . . Exploded . | . . . . Melee 1 | . . 1 . Uniques/NPCs Destroyed . | . . . . Combat | -11 -10 -10 -8 -------- Run | Yrd Mat Sub Rec Hostile Shots Fired 131 | . 28 103 . Missed 37 | . 10 27 . Damage Taken 1221 | . 135 1086 . Core 94 | . 7 87 . Absorbed by Shields . | . . . . Ignored by Resistances 683 | . 84 599 . Core Remaining (%) 100 | 100 . . . Volleys Fired 124 | . 28 96 . Largest 2 | . 2 2 . Hottest 105 | . 40 105 . Shots Fired 244 | . 56 188 . Gun 232 | . 56 176 . Cannon 12 | . . 12 . Launcher . | . . . . Special . | . . . . Kinetic 169 | . 56 113 . Thermal 75 | . . 75 . Explosive . | . . . . Electromagnetic . | . . . . Robot Hit Streak 50 | . 22 50 . Robot Miss Streak 3 | . 1 3 . Penetration Max . | . . . . Secondary Targets 2 | . . 2 . Max Gunslinging Chain 1 | . . 1 . Shots Hit Robots 182 | . 48 133 1 Core Hits 61 | . 24 37 . Critical Kills 1 | . 1 . . Critical Parts Destroyed . | . . . . Critical Strikes 5 | . 1 4 . Burn 3 | . . 3 . Destroy 1 | . 1 . . Sever 1 | . . 1 . Melee Attacks 6 | . . 5 1 Impact . | . . . . Slashing 6 | . . 5 1 Piercing . | . . . . Sneak Attacks 1 | . . . 1 Combat Hostiles . | . . . . Follow-up Attacks . | . . . . Damage Inflicted 3049 | . 616 2364 69 Guns 2680 | . 616 2064 . Cannons 192 | . . 192 . Explosions . | . . . . Melee 177 | . . 108 69 Ramming . | . . . . Kinetic 1650 | . 616 1034 . Thermal 1222 | . . 1222 . Explosive . | . . . . Electromagnetic . | . . . . Impact . | . . . . Slashing 177 | . . 108 69 Piercing . | . . . . Highest Corruption . | . . . . Average Corruption . | . . . . Corruption Purged . | . . . . Corruption Blocked . | . . . . Overload Shots . | . . . . Overflow Damage . | . . . . Projectiles . | . . . . Explosions . | . . . . Melee . | . . . . Knockbacks . | . . . . Impact . | . . . . Kinetic . | . . . . Secondary . | . . . . Self-Inflicted Damage . | . . . . Shots . | . . . . Rammed . | . . . . Targets Rammed . | . . . . Kicked . | . . . . Crushed . | . . . . Highest Temperature 48 | . 8 48 . Average Temperature 17 | . 3 18 . Received Heat Transfer 351 | . 108 243 . Siege Activations . | . . . . Robots Corrupted . | . . . . Combat Hostiles . | . . . . Parts Fried . | . . . . Impact Corruptions . | . . . . Robots Melted . | . . . . Combat Hostiles . | . . . . Parts Melted 2 | . . 2 . Heat Transferred 2294 | . . 2294 . Parts Sabotaged . | . . . . Parts Stolen . | . . . . Parts Stripped . | . . . . Power Chain Reactions . | . . . . Alert | -11 -10 -10 -8 ------- Run | Yrd Mat Sub Rec Peak Influence 197 | . 197 . 30 Initial . | . . . . Average 83 | . 93 . 23 Maximum Alert Level . | . . . . Low Security (%) 100 | . 100 . 100 Level 1 . | . . . . Level 2 . | . . . . Level 3 . | . . . . Level 4 . | . . . . Level 5 . | . . . . High Security . | . . . . Max Security . | . . . . Squads Dispatched 1 | . 1 . . Investigation 1 | . 1 . . Extermination . | . . . . Reinforcement . | . . . . Assault . | . . . . Garrison . | . . . . Intercept . | . . . . Searches Triggered . | . . . . Construction Impeded . | . . . . Haulers Reinforced . | . . . . Active Scanning Responses . | . . . . Cargo Convoy Interrupts . | . . . . Stealth | -11 -10 -10 -8 --------- Run | Yrd Mat Sub Rec Distress Signals 3 | . 3 . . Communications Jammed . | . . . . Distress Signals . | . . . . Times Spotted 42 | . 13 29 . Peak Tracking Total 5 | . 5 5 . Tactical Retreats . | . . . . Traps | -11 -10 -10 -8 ------- Run | Yrd Mat Sub Rec Traps Triggered 2 | . . 2 . Indirectly . | . . . . Trap Hack Attempts . | . . . . Triggered . | . . . . Disarmed . | . . . . Reprogrammed . | . . . . Reused . | . . . . Traps Extracted . | . . . . Installed . | . . . . Triggered . | . . . . Machines | -11 -10 -10 -8 ---------- Run | Yrd Mat Sub Rec Machines Disabled . | . . . . Max in Single Turn . | . . . . Machines Repaired . | . . . . Machines Dismantled . | . . . . Machines Sabotaged . | . . . . Overloaded Fab Kills . | . . . . Hacking | -11 -10 -10 -8 --------- Run | Yrd Mat Sub Rec Machines Accessed 5 | . 2 1 2 Terminals 3 | . 2 . 1 Fabricators . | . . . . Repair Stations . | . . . . Recycling Units 1 | . . . 1 Scanalyzers . | . . . . Garrison Access . | . . . . Total Hacks 10 | . 5 2 3 Successful 6 | . 2 2 2 Failed 4 | . 3 . 1 Catastrophic . | . . . . Database Lockouts . | . . . . Manual 5 | . 4 . 1 Terminals 7 | . 5 . 2 Fabricators . | . . . . Repair Stations . | . . . . Recycling Units 1 | . . . 1 Scanalyzers . | . . . . Garrison Access . | . . . . Terminal Hacks 5 | . 2 2 1 Record 2 | . . 2 . Robot Analysis 2 | . 1 . 1 Level Access Points 1 | . 1 . . Fabricator Hacks . | . . . . Repair Station Hacks . | . . . . Recycling Unit Hacks . | . . . . Scanalyzer . | . . . . Garrison Access Hacks . | . . . . Unauthorized Hacks 1 | . . . 1 Terminals . | . . . . Fabricators . | . . . . Repair Stations . | . . . . Recycling Units 1 | . . . 1 Tunnel 1 | . . . 1 Scanalyzers . | . . . . Garrison Access . | . . . . Data Cores Recovered . | . . . . Used . | . . . . Hacking Detections 3 | . 2 . 1 Full Trace Events 1 | . 1 . . Feedback Events . | . . . . Feedback Blocked . | . . . . Robot Schematics Acquired . | . . . . Robots Built . | . . . . Authchips . | . . . . Time . | . . . . Total Robot Build Rating . | . . . . Part Schematics Acquired . | . . . . Parts Built . | . . . . Authchips . | . . . . Time . | . . . . Total Part Build Rating . | . . . . Parts Repaired . | . . . . Time . | . . . . Parts Recycled . | . . . . Recycled Matter . | . . . . Retrieved Matter . | . . . . Retrieved Components . | . . . . Parts Scanalyzed . | . . . . Part Schematics Acquired . | . . . . Parts Damaged . | . . . . Bothacking | -11 -10 -10 -8 ------------ Run | Yrd Mat Sub Rec Used RIF Installer . | . . . . Robots Hacked . | . . . . Non-combat . | . . . . Combat . | . . . . Robot Hacks Applied . | . . . . Relay Couplers Released . | . . . . Fabnet Peak Effective % . | . . . . Robots Rewired . | . . . . Allies Hacked . | . . . . Hacks Repelled . | . . . . Allies | -11 -10 -10 -8 -------- Run | Yrd Mat Sub Rec Total Allies . | . . . . Largest Group . | . . . . Highest-Rated Group . | . . . . Highest-Rated Ally . | . . . . Total Orders . | . . . . Ally Attacks . | . . . . Total Damage . | . . . . Kills . | . . . . Allies Corrupted . | . . . . Allies Melted . | . . . . Intel | -11 -10 -10 -8 ------- Run | Yrd Mat Sub Rec Robot Analysis Total 2 | . 1 . 1 Derelict Logs Recovered 2 | . . 2 . Drone Launches . | . . . . Drone Recoveries . | . . . . Exploration | -11 -10 -10 -8 ------------- Run | Yrd Mat Sub Rec Turns Passed 5171 | . 731 4318 122 Spaces Moved 2232 | 1 268 1906 57 Core . | . . . . Treads 1185 | . 177 1008 . Legs 649 | 1 91 500 57 Wheels 398 | . . 398 . Hover . | . . . . Flight . | . . . . Fastest Speed 120 | 120 120 130 190 Average Speed 196 | 120 146 203 190 Slowest Speed 240 | 120 160 240 190 Overloaded Moves . | . . . . Propulsion Burnouts . | . . . . Robots Hopped . | . . . . Cave-ins Triggered . | . . . . Exploration Rate (%) 37 | 2 42 91 16 Regions Visited 3 Branch Regions 2 Pre-discovered Areas 3 | . . 2 1 Known Exits Taken 3 | 1 1 1 . Unknown Exits Taken . | . . . . Scrap Searched 10 | . . 10 . Spaces Dug . | . . . . Terrain Destroyed 1 | . . 1 . Melee . | . . . . Projectile 1 | . . 1 . AOE . | . . . . Terrain Rammed . | . . . . Walls Destroyed . | . . . . Machines Disabled . | . . . . Actions | -11 -10 -10 -8 --------- Run | Yrd Mat Sub Rec Total 2780 | . 550 2157 73 Wait 335 | . 246 85 4 Move 2229 | . 267 1905 57 Hop . | . . . . Pick Up 19 | . 2 15 2 Fast Attach 7 | . . 6 1 Attach 5 | . 1 4 . Detach 1 | . . 1 . Swap 11 | . 4 7 . Drop 28 | . 2 18 8 Fire 124 | . 28 96 . Melee 6 | . . 5 1 Ram . | . . . . Kick . | . . . . Crush . | . . . . Escape Stasis . | . . . . Rewire . | . . . . Trap . | . . . . Miscellaneous 15 | . . 15 . Route ------- -11/Scrapyard -10/Materials (discovered 4 exits: Mat x3 / *Sub) -10/Subcaves (discovered 3 exits: *Mat x2 / *Rec) -8/Recycling History --------- Turn | Location | Event 1 | -11/Scrapyard | Identified exit to Materials 1 | -11/Scrapyard | Discovered exit to Materials (range 0) 1 | -11/Scrapyard | Entered Materials 1 | -10/Materials | Evolved 1 slot: Utility x1 313 | -10/Materials | Build established: Hacker-Mutant 359 | -10/Materials | Identified exit to Materials 642 | -10/Materials | Identified exit to Subcaves 642 | -10/Materials | Discovered exit to Subcaves (range 4) 732 | -10/Materials | Entered Subcaves 733 | -10/Subcaves | Shifting Twisted Machinery released Sub. Power Source 735 | -10/Subcaves | Shifting Twisted Machinery released Sub. Monowheel 843 | -10/Subcaves | Identified exit to Materials 843 | -10/Subcaves | Discovered exit to Materials (range 10) 849 | -10/Subcaves | Learned location of Zion (-6) 849 | -10/Subcaves | Met a Zionite searching for "candidates" 915 | -10/Subcaves | Ambushed by swarm of Subdwellers 1179 | -10/Subcaves | Shifting Twisted Machinery released Battle Rifle 1179 | -10/Subcaves | Shifting Twisted Machinery released Sub. Machine Gun 1181 | -10/Subcaves | A swath of the cavern ceiling suddenly collapsed 1614 | -10/Subcaves | Learned Materials stockpile data 1660 | -10/Subcaves | Shifting Twisted Machinery released Sub. Monowheel 1697 | -10/Subcaves | Shifting Twisted Machinery released Sub. Power Source 2360 | -10/Subcaves | A Subdweller sparked back to life 2360 | -10/Subcaves | A Subdweller sparked back to life 2360 | -10/Subcaves | A Subdweller sparked back to life 2458 | -10/Subcaves | Found Prototype Device 2458 | -10/Subcaves | Identified Power Bank 2460 | -10/Subcaves | Attached Power Bank, gained temporary slots: Power x3 3171 | -10/Subcaves | Discovered exit to Materials (range 7) 3416 | -10/Subcaves | A swath of the cavern ceiling suddenly collapsed 3607 | -10/Subcaves | Visited Clippyterm 3611 | -10/Subcaves | Learned Research security intel 3777 | -10/Subcaves | Learned location of Recycling (-8) 3909 | -10/Subcaves | Disturbed a concealed Subdweller 3962 | -10/Subcaves | Identified exit to Recycling 3962 | -10/Subcaves | Discovered exit to Recycling (range 15) 3983 | -10/Subcaves | Ambushed by Subdweller buried in earth 4100 | -10/Subcaves | Disturbed a concealed Subdweller 5050 | -10/Subcaves | Entered Recycling 5051 | -8/Recycling | Found Scrap Engine 5172 | -8/Recycling | Self-destructed Last Messages --------------- 05071_ Dropped Propulsion Shielding. 05072_ Scrap Engine consumes Propulsion Shielding. 05077_ Connecting with Recycling Unit... >>Force(Tunnel) DISCOVERED[-2/Quarantine] 05094_ Sneak attack on R-06 Scavenger. 05102_ Scrap Engine envelopes itself in armor. 05103_ Dropped Scrap Shield Fragment. 05159_ Connecting with Terminal... >>Analysis(X-62 Marksman) Downloading analysis... X-62 Marksman Tier: 4 X-series specialists each possess unique loadouts for a specific purpose. The X-62 Marksman combines exceptional visual detection range and superior targeting abilities with a long-range gauss rifle. It is also armed with a pulse rifle as a secondary weapon for close encounters, and is more likely to hit a target's core, even penetrating armor to do so. 05172_ Connecting with Terminal... Map ----- +----------------------------------------------------+ | ???????????????????????????? | | ???????????????????????????? | | ???????????????????????????? | | ???????????????????????????? | | ???????????????????????????? | | ???????????????????????????? | | ???????????????????????????? | | ???????????????????????????? | | ????????? ???????????????? | | ????????? ??????????????? | | ????????? #??????????????? | | ????????# #??????????????? | | ????????# #??????????????? | | ????????# #??????????????? | | ??####### ###????????????? | | ??# # ""#????????????? | | ??# # Y"?????????????? | | ??# # "??????????????? | | ?## """ # #??????????????? | | ?#" """ # #??????????????? | | ?#T """ # #??????????????? | | ?#" # #??????????????? | | ### """ + #?????????#????? | | #"" """ # #???????? #? ?? | | #"T """ # #??????? # ?? | | #""@ # #?????? / ??? | | #"" ""# ####### #????? | | ### T"# #????? | | ??# ""# #????? | | ??# # " #????? | | ??####### T """ #????? | | ????##??# " """ #????? | | ??### ### """ #????? | | ??# # #????? | | ??# # #????? | | ??# # """ """ #????? | | ??# # """ """ ###"Y? | | ??# # """ """ | | ??# # & ###??? | | ??# # #????? | | ??# # ########+##????? | | ??# # #??????????????? | | ??# + ###????????????? | | ??# # ""#????????????? | | ??# # Y"#????????????? | | ??# # ""#????????????? | | ??# # ###????????????? | | ??# # #??????????????? | | ??###########??????????????? | | ???????????????????????????? | +----------------------------------------------------+ Best States ------------- Heat Dissipation 25 Energy Generation 15 Energy Capacity 200 Matter Stores 300 Matter Capacity 300 Sight Range 16 Terrain Scan Density 10 Armor Coverage 800 Resistance: KI 35 Resistance: TH 35 Resistance: EX 35 Resistance: EM 35 Resistance: I 35 Resistance: S 35 Resistance: P 35 Evasion (%) 55 Targeting Accuracy 5 Recoil Reduction 2 Offensive Hacking 20 Item Schematics ----------------- None Robot Schematics ------------------ None Fabricated ------------ Nothing Alien Tech Used ----------------- None Achievements -------------- None Challenges ------------ None Game ------ Seed GreatComponentSteel Manual? 0 Play Time 00:31:26 Cumulative 254.9 hours Start 2024.03.11 @ 21:18:57 End 2024.03.12 @ 11:50:37 Sessions 3 Manual Loads 0 Difficulty Explorer Special Mode None Game No. 105 Rogue 65 Adventurer 29 Explorer 11 Win Type - Total 11 Types 6/0/1/2/0/0/1/0/1 Lore% 59 Gallery% 78 Achievement% 76 Wizard Run 0 Options --------- Layout 0 ASCII 0 Keyboard 0 Movement Numpad Keybinds 0 Fullscreen 2 Font 24/Smallcaps Map View 76x50 Zoom Use 0% Tactical HUD 1 Map Filters NONE Filters LOW_CONTRAST(13,24,33) Steam 1 RUN: 5ee509a4-70bb-4cef-9ee1-5c29545db578